Map: Pillars of Gold LE

Players

WHYsoSERioUs

  • Race: Terran Terran
  • League: Diamond
  • Spawn Location: 7:00

Heeebster - Winner!

  • Race: Protoss Protoss
  • League: Diamond
  • Spawn Location: 1:00

VOD

Have the link to the VOD?

Description

Time

  • Played on: Nov. 15, 2020, 4:03 p.m.
  • Length: 5:01
Show
View Real Time Build Order
Export as new Build Order

WHYsoSERioUs Terran 

Build Orders: Cyclone Opening, Gas First Reaper Expand 

Get SALT Encoding   

  12  0:00  SCV  
  13  0:12  SCV  
  14  0:19  Supply Depot  
  14  0:25  SCV  
  15  0:31  Refinery  
  15  0:40  SCV  
  16  0:47  Barracks  
  16  0:52  SCV  
  17  1:06  SCV  
  18  1:18  SCV  
  19  1:33  Orbital Command  
  19  1:34  Reaper  
  20  1:48  Command Center  
  20  2:00  Factory  
  20  2:01  SCV  
  20  2:07  Barracks Tech Lab  
  21  2:14  SCV  
  22  2:19  Supply Depot  
  22  2:21  Refinery  
  22  2:26  SCV  
  23  2:36  Bunker  
  23  2:40  SCV  
  24  2:52  SCV  
  24  2:57  Cyclone  
  28  2:59  Orbital Command  
  28  3:00  Marine  
  28  3:05  SCV  
  30  3:11  Mag-Field Accelerator  
  30  3:17  SCV  
  31  3:20  Marine  
  31  3:22  Starport  
  32  3:28  SCV, Supply Depot  
  32  3:29  SCV  
  34  3:40  SCV  
  34  3:41  SCV  
  36  3:45  Cyclone  
  36  3:48  Marine  
  40  3:52  SCV, Supply Depot  
  41  3:58  SCV, Supply Depot  
  42  4:04  Refinery  
  42  4:05  Marine  
  42  4:07  Liberator  
  43  4:31  SCV  
  44  4:33  SCV  
Show
View Real Time Build Order
Export as new Build Order

Heeebster Protoss - Winner!

Build Orders: Blink Stalkers 

Get SALT Encoding   

  12  0:01  Probe  
  13  0:13  Pylon  
  13  0:19  Probe (Chrono Boost)  
  15  0:29  Probe (Chrono Boost)  
  15  0:35  Gateway  
  15  0:38  Probe  
  16  0:45  Assimilator  
  16  0:51  Assimilator  
  16  0:54  Probe  
  17  1:06  Probe  
  18  1:18  Probe (Chrono Boost)  
  18  1:22  Cybernetics Core  
  18  1:24  Pylon  
  19  1:30  Probe (Chrono Boost)  
  20  1:37  Probe (Chrono Boost)  
  21  1:45  Probe  
  22  1:57  Probe  
  22  1:58  Stalker (Chrono Boost), Warp Gate  
  25  2:15  Pylon  
  25  2:21  Gateway  
  25  2:24  Gateway  
  25  2:32  Twilight Council  
  25  2:39  Probe  
  26  2:55  Gateway  
  26  3:03  Blink (Chrono Boost)  
  26  3:50  Stalker x2  
  26  3:51  Stalker x2  
  34  4:02  Pylon  
  30  4:22  Stalker x4  
  37  4:37  Pylon  
  35  4:48  Stalker x3  
  35  4:49  Stalker  
Tags
 
Add a new tag
Caveats
  • Supply blocks, unpowered buildings, or Contaminate may cause inaccurate times.
  • Supply counts are checked every 10 seconds.